Workbook

Sheet Accounts
A1: Blackhall Primary Parent/Staff Association
A2: Blackhall Primary Parent/Staff Association (PSA) is a Scottish registered Charity; No SC045714
B4: Year to Date | G4: Year to 30 April 2025
A6: Opening Bank Balance | C6: =$H$27 -> 23582 | E6: Opening Bank Balance | H6: 17861.2
A7: Income | E7: Income
A8: Just Giving | B8: =SUMIF('Bank Transactions'!I:I,'Bank Transactions'!$M$25,'Bank Transactions'!G:G) -> 6507.38 | E8: Staff Gifts | G8: 3573
A9: Fundraising/Event Income | B9: =SUM('Bank Transactions'!G:G)-B8-B10-B11-B12 -> 5432.79 | E9: Fundraising Including Gift Aid | G9: 14386.01
A10: Gift Aid Recovered | B10: =SUMIF('Bank Transactions'!I:I,'Bank Transactions'!$M$28,'Bank Transactions'!G:G) -> 261.99 | E10: Donations | G10: 17805.79
A11: Donations | B11: =SUMIF('Bank Transactions'!I:I,'Bank Transactions'!$M$22,'Bank Transactions'!G:G) -> 10200.77 | E11: Football (Subs & Donations) | G11: 5830
A12: Football (Subs & Donations) | B12: =SUMIF('Bank Transactions'!I:I,'Bank Transactions'!$M$24,'Bank Transactions'!G:G) -> 844.8
C13: =SUM($B$8:$B$12) -> 23247.73 | H13: =SUM(G8:G11) -> 41594.8
A15: Expenditure | E15: Expenditure
A16: ='Bank Transactions'!$N$36 -> Playground Project | B16: =-SUMIF('Bank Transactions'!J:J,'Bank Transactions'!$N$36,'Bank Transactions'!F:F) -> 0 | E16: ='Bank Transactions'!$N$36 -> Playground Project | G16: -16774.5
A17: ='Bank Transactions'!$N$35 -> Enrichment | B17: =-SUMIF('Bank Transactions'!J:J,'Bank Transactions'!$N$35,'Bank Transactions'!F:F) -> -1963.83 | E17: ='Bank Transactions'!$N$35 -> Enrichment | G17: -692.85
A18: ='Bank Transactions'!$M$23 -> Events | B18: =-SUMIF('Bank Transactions'!I:I,'Bank Transactions'!$M$23,'Bank Transactions'!F:F) -> -1936.58 | E18: ='Bank Transactions'!$M$23 -> Events | G18: -2882.81
A19: ='Bank Transactions'!$N$37 -> Staff Gifts | B19: =-SUMIF('Bank Transactions'!I:I,'Bank Transactions'!$N$37,'Bank Transactions'!F:F) -> -4285.28 | E19: ='Bank Transactions'!$N$37 -> Staff Gifts | G19: -4268.31
A20: ='Bank Transactions'!$M$26 -> Operations | B20: =-SUMIF('Bank Transactions'!I:I,'Bank Transactions'!$M$26,'Bank Transactions'!F:F) -> -396.58 | E20: ='Bank Transactions'!$M$26 -> Operations | G20: -530.5
A21: Football (Incl. Transfer of Balance) | B21: =-SUMIF('Bank Transactions'!I:I,'Bank Transactions'!$M$24,'Bank Transactions'!F:F) -> -4612.97 | E21: ='Bank Transactions'!$M$24 -> Football | G21: -6548.21
A22: School Resources | B22: =-SUMIFS('Bank Transactions'!F:F,'Bank Transactions'!I:I,'Bank Transactions'!$M$27,'Bank Transactions'!J:J,'Bank Transactions'!$N$32) -> -1054.72 | E22: School Resources | G22: -4176.82
C23: =SUM($B$16:$B$22) -> -14249.96 | H23: =SUM(G16:G22) -> -35874
A25: Surplus / (Deficit) | C25: =$C$13+$C$23 -> 8997.77 | E25: Surplus / (Deficit) | H25: =H13+H23 -> 5720.8
A27: Closing balance on 30/4/26 | C27: =$C$25+$C$6+$C$28 -> #REF! | E27: Closing bank balance | H27: =H25+H6 -> 23582
A28: (Of which is held in school account): | C28: =#REF! -> #REF!
B29: Check | C29: ='Bank Transactions'!#REF!-C27 -> #REF!
A32: Minimum PSA Balance | C32: 3000 | E32: Football Balance @30/4/25 (incl. ringfenced £3000) | H32: =SUM([2]Accounts!$C$31:$C$32) -> 3768.17
A33: Available to utilise | C33: =$C$27-SUM($C$32:$C$32) -> #REF!
A35: Committed Spend:
A36: Staff Gifts | C36: ='[1]Staff Gifts'!M$15+#REF! -> #REF! | E36: Keep updated from JustGiving page
A37: Playground Phase II | C37: 14469.5 | E37: Tarmac area near container
A38: Energise & Exercise Play Eqpt | C38: =#REF!-'Bank Transactions'!$F$54-'Bank Transactions'!F38 -> #REF! | E38: Raised from Sponsored Week
A39: Panto Contribution - Dec 2026 | C39: 500
A40: Christmas Crafts - Dec 2026 | C40: 400
A41: School Branded Sports Kit | C41: 500
A43: Available to utilise | C43: =$C$33-SUM($C$36:$C$42) -> #REF!

Sheet Bank Transactions
A1: Transaction Date | B1: Transaction Type | C1: Sort Code | D1: Account Number | E1: Transaction Description | F1: Debit Amount | G1: Credit Amount | H1: Balance | I1: Categories | J1: Sub-Categories | K1: Notes
A3: 46141 | B3: FPI | C3: '80-02-22 | D3: 587003 | E3: BETH CROFT & ANDRE WEAR FLAIR CASH PII5EPR9GZT1JI65BD 040005 10 29APR26 17:25 | G3: 92.57 | H3: 32579.43 | I3: =$M$23 -> Events | J3: =$N$29 -> Wear Your Flair | K3: Cash donations
A4: 46139 | B4: DD | C4: '80-02-22 | D4: 587003 | E4: JUSTGIVING SUBS JG03192166 | F4: 18 | H4: 32486.86 | I4: =$M$26 -> Operations | J4: =$N$31 -> Fees
A5: 46125 | B5: FPI | C5: '80-02-22 | D5: 587003 | E5: JUSTGIVING 5083268 BLACKHALL 887718091513158XCN 165050 40 13APR26 15:19 | G5: 304.48 | H5: 32504.86 | I5: =$M$25 -> Just Giving
A6: 46120 | B6: DD | C6: '80-02-22 | D6: 587003 | E6: GOCARDLESS LINGUASCOPE-XGCWWW | F6: 33 | H6: 32200.38 | I6: =$M$27 -> School | J6: =$N$35 -> Enrichment
A7: 46119 | B7: PAY | C7: '80-02-22 | D7: 587003 | E7: SERVICE CHARGES REF : 481348235 | F7: 1.27 | H7: 32233.38 | I7: =$M$26 -> Operations | J7: =$N$31 -> Fees
A8: 46119 | B8: BGC | C8: '80-02-22 | D8: 587003 | E8: CHARITABLE GIVING PAYROLL GIVING | G8: 70 | H8: 32234.65 | I8: =$M$22 -> Donations
A9: 46108 | B9: FPO | C9: '80-02-22 | D9: 587003 | E9: BLACKHALLPRIMARY 400000001743571968 LIBRARY SYSTEM 831847 10 27MAR26 10:00 | F9: 238.8 | H9: 32164.65 | I9: =$M$27 -> School | J9: =$N$32 -> Resources
A10: 46106 | B10: FPO | C10: '80-02-22 | D10: 587003 | E10: BETH CROFT 600000001737474598 EASTER CRAFT SUPPL 040005 10 25MAR26 19:06 | F10: 340.43 | H10: 32403.45 | I10: =$M$27 -> School | J10: =$N$32 -> Resources
A11: 46106 | B11: FPO | C11: '80-02-22 | D11: 587003 | E11: NATALIE MOFFATT 100000001728338730 WIDER STAFF GIFT 831924 10 25MAR26 12:15 | F11: 766.2 | H11: 32743.88 | I11: =$N$37 -> Staff Gifts | K11: Wider Staff
A12: 46106 | B12: DD | C12: '80-02-22 | D12: 587003 | E12: JUSTGIVING SUBS JG03192166 | F12: 18 | H12: 33510.08 | I12: =$M$26 -> Operations | J12: =$N$31 -> Fees
A13: 46104 | B13: FPO | C13: '80-02-22 | D13: 587003 | E13: LYNDSAY HEMSLEY 300000001739704014 P6C MAT LEAVE GIFT 804657 10 23MAR26 09:44 | F13: 65.73 | H13: 33528.08 | I13: =$N$37 -> Staff Gifts | K13: P6
A14: 46085 | B14: BGC | C14: '80-02-22 | D14: 587003 | E14: CHARITABLE GIVING PAYROLL GIVING | G14: 70 | H14: 33593.81 | I14: =$M$22 -> Donations
A15: 46084 | B15: FPI | C15: '80-02-22 | D15: 587003 | E15: JUSTGIVING 4993073 BLACKHALL 190047554413079WCN 165050 40 03MAR26 14:45 | G15: 14.18 | H15: 33523.81 | I15: =$M$25 -> Just Giving
A16: 46078 | B16: DD | C16: '80-02-22 | D16: 587003 | E16: JUSTGIVING SUBS JG03192166 | F16: 18 | H16: 33509.63 | I16: =$M$26 -> Operations | J16: =$N$31 -> Fees
A17: 46069 | B17: DD | C17: '80-02-22 | D17: 587003 | E17: CREATURE MEDIA LIM MD000X3SVPETTK | F17: 39 | H17: 33527.63 | I17: =$M$27 -> School | J17: =$N$35 -> Enrichment
A18: 46066 | B18: FPO | C18: '80-02-22 | D18: 587003 | E18: LYNDSAY HEMSLEY 200000001711654193 P7 SHOW TUCK 804657 10 13FEB26 18:13 | F18: 40.84 | H18: 33566.63 | I18: =$M$23 -> Events | J18: =$N$28 -> P7 Show Tuck Shop
A19: 46066 | B19: DEP | C19: '80-02-22 | D19: 587003 | E19: EDINBURGH COMELY | G19: 113.7 | H19: 33607.47 | I19: =$M$23 -> Events | J19: =$N$28 -> P7 Show Tuck Shop
A20: 46057 | B20: BGC | C20: '80-02-22 | D20: 587003 | E20: CHARITABLE GIVING PAYROLL GIVING | G20: 70 | H20: 33493.77 | I20: =$M$22 -> Donations | M20: Categories | N20: Sub-Categories
A21: 46056 | B21: PAY | C21: '80-02-22 | D21: 587003 | E21: SERVICE CHARGES REF : 476379596 | F21: 2.4 | H21: 33423.77 | I21: =$M$26 -> Operations | J21: =$N$31 -> Fees
A22: 46049 | B22: BGC | C22: '80-02-22 | D22: 587003 | E22: CAF26012238828CF 26012238828CF | G22: 500 | H22: 33426.17 | I22: =$M$22 -> Donations | K22: Match Funding E&Y via Sara MacDoka | M22: Donations | N22: Energise and Exercise Week
A23: 46048 | B23: FPI | C23: '80-02-22 | D23: 587003 | E23: BETH CROFT & ANDRE BETH CROFT PFRFK4YNY58I5AWG12 040005 10 26JAN26 12:14 | G23: 100 | H23: 32926.17 | I23: =$M$22 -> Donations | M23: Events | N23: BCSC Sports Day
A24: 46048 | B24: DD | C24: '80-02-22 | D24: 587003 | E24: JUSTGIVING SUBS JG03192166 | F24: 18 | H24: 32826.17 | I24: =$I$21 -> Operations | J24: =$N$31 -> Fees | M24: Football | N24: P7 Parents Social
A25: 46034 | B25: FPI | C25: '80-02-22 | D25: 587003 | E25: JUSTGIVING 4912015 BLACKHALL 185120354412159VCN 165050 40 12JAN26 14:45 | G25: 110.08 | H25: 32844.17 | I25: =Table1[[#This Row],[Categories]] -> Just Giving | M25: Just Giving | N25: Autumn Fair
A26: 46028 | B26: BGC | C26: '80-02-22 | D26: 587003 | E26: CHARITABLE GIVING PAYROLL GIVING | G26: 70 | H26: 32734.09 | I26: =$M$22 -> Donations | M26: Operations | N26: Autumn Disco
A27: 46027 | B27: PAY | C27: '80-02-22 | D27: 587003 | E27: SERVICE CHARGES REF : 473920544 | F27: 12.66 | H27: 32664.09 | I27: =$M$26 -> Operations | J27: =$N$31 -> Fees | M27: School | N27: Young Christmas Lights
A28: 46020 | B28: DD | C28: '80-02-22 | D28: 587003 | E28: JUSTGIVING SUBS JG03192166 | F28: 18 | H28: 32676.75 | I28: =$M$26 -> Operations | J28: =$N$31 -> Fees | M28: Gift Aid | N28: P7 Show Tuck Shop
A29: 46013 | B29: FPI | C29: '80-02-22 | D29: 587003 | E29: JUSTGIVING 4897273 BLACKHALL 393491494812241XCN 165050 40 22DEC25 18:49 | G29: 61.65 | H29: 32694.75 | I29: =$M$25 -> Just Giving | N29: Wear Your Flair
A30: 46010 | B30: FPO | C30: '80-02-22 | D30: 587003 | E30: LAURA BRIGGS 400000001689780895 P3 STAFF GIFT 110917 10 19DEC25 09:18 | F30: 122 | H30: 32633.1 | I30: =$N$37 -> Staff Gifts | K30: P3
A31: 46008 | B31: FPO | C31: '80-02-22 | D31: 587003 | E31: ERIN MASON 400000001688650076 P4 STAFF GIFTS 831915 10 17DEC25 13:34 | F31: 184.08 | H31: 32755.1 | I31: =$N$37 -> Staff Gifts | K31: P4 | N31: Fees
A32: 46008 | B32: FPO | C32: '80-02-22 | D32: 587003 | E32: KATE GRAHAM 200000001679619498 P3 STAFF GIFT 831824 10 17DEC25 07:25 | F32: 60 | H32: 32939.18 | I32: =$N$37 -> Staff Gifts | K32: P3 | N32: Resources
A33: 46007 | B33: FPO | C33: '80-02-22 | D33: 587003 | E33: BLACKHALLPRIMARY 200000001679217841 PANTO CONTRIBUTION 831847 10 16DEC25 12:24 | F33: 500 | H33: 32999.18 | I33: =$M$27 -> School | J33: =$N$35 -> Enrichment | N33: Venue Hire
A34: 46007 | B34: FPO | C34: '80-02-22 | D34: 587003 | E34: FELICITY CHISHOLM 600000001682960960 P5 STAFF GIFT 090134 10 16DEC25 11:45 | F34: 160.06 | H34: 33499.18 | I34: =$N$37 -> Staff Gifts | K34: P5
A35: 46006 | B35: FPI | C35: '80-02-22 | D35: 587003 | E35: JUSTGIVING 4878506 BLACKHALL 529844554415140VCN 165050 40 15DEC25 14:45 | G35: 1276.52 | H35: 33659.24 | I35: =$M$25 -> Just Giving | N35: Enrichment
A36: 46006 | B36: FPO | C36: '80-02-22 | D36: 587003 | E36: LINDA RENNIE 400000001687519887 P7 STAFF GIFTS 830608 10 15DEC25 13:38 | F36: 131 | H36: 32382.72 | I36: =$N$37 -> Staff Gifts | K36: P7 | N36: Playground Project
A37: 46003 | B37: FPO | C37: '80-02-22 | D37: 587003 | E37: FAYE MICHELLE BOWD 500000001681388034 P6 XMAS STAFF 800619 10 12DEC25 21:22 | F37: 179 | H37: 32513.72 | I37: =$N$37 -> Staff Gifts | K37: P6 | N37: Staff Gifts
A38: 46002 | B38: FPO | C38: '80-02-22 | D38: 587003 | E38: BLACKHALLPRIMARY 300000001683864222 PE EQUIPMENT 831847 10 11DEC25 15:14 | F38: 175.86 | H38: 32692.72 | I38: =$M$27 -> School | J38: =$N$35 -> Enrichment | K38: Spend from Energise & Exercise
A39: 46002 | B39: FPO | C39: '80-02-22 | D39: 587003 | E39: ANNE BRUSATTE 400000001685123078 P1 STAFF GIFT 877001 10 11DEC25 09:11 | F39: 165 | H39: 32868.58 | I39: =$N$37 -> Staff Gifts | K39: P1
A40: 46001 | B40: DEP | C40: '80-02-22 | D40: 587003 | E40: YOUNG XMAS LIGHTS | G40: 264 | H40: 33033.58 | I40: =$M$23 -> Events | J40: =$N$27 -> Young Christmas Lights
A41: 46000 | B41: FPO | C41: '80-02-22 | D41: 587003 | E41: STEPHANIE MCGLINCH 400000001684057911 P2 STAFF GIFT 401628 10 09DEC25 10:31 | F41: 176 | H41: 32769.58 | I41: =$N$37 -> Staff Gifts | K41: P2
A42: 46000 | B42: FPI | C42: '80-02-22 | D42: 587003 | E42: JUSTGIVING 4864559 BLACKHALL 119174584509023XCN 165050 40 09DEC25 05:48 | G42: 918.95 | H42: 32945.58 | I42: =$M$25 -> Just Giving
A43: 45994 | B43: BGC | C43: '80-02-22 | D43: 587003 | E43: CHARITABLE GIVING PAYROLL GIVING | G43: 70 | H43: 32026.63 | I43: =$M$22 -> Donations
A44: 45992 | B44: FPI | C44: '80-02-22 | D44: 587003 | E44: JUSTGIVING 4846629 BLACKHALL 041003481511031WCN 165050 40 01DEC25 15:18 | G44: 1545.51 | H44: 31956.63 | I44: =$M$25 -> Just Giving
A45: 45992 | B45: BGC | C45: '80-02-22 | D45: 587003 | E45: CITIBANK IRE FIN S CHARITABLE GIVING | G45: 722 | H45: 30411.12 | I45: =$M$22 -> Donations | K45: ADOBE Benevity Donation!
A46: 45986 | B46: DD | C46: '80-02-22 | D46: 587003 | E46: JUSTGIVING SUBS JG03192166 | F46: 18 | H46: 29689.12 | I46: =$M$26 -> Operations | J46: =$N$31 -> Fees
A47: 45982 | B47: FPO | C47: '80-02-22 | D47: 587003 | E47: BETH CROFT 300000001671388380 CHRISTMAS CRAFTS 070116 10 21NOV25 09:53 | F47: 331.16 | H47: 29707.12 | I47: =$M$27 -> School | J47: =$N$35 -> Enrichment | K47: Christmas Craft Supplies
A48: 45982 | B48: FPI | C48: '80-02-22 | D48: 587003 | E48: BORDER EMBROID LTD FINAL UNIFORM COMM 28023202117194000R 831840 40 21NOV25 03:32 | G48: 359.2 | H48: 30038.28 | I48: =$M$22 -> Donations | K48: Annual Commission payment
A49: 45973 | B49: DEP | C49: '80-02-22 | D49: 587003 | E49: DISCO | G49: 1576.63 | H49: 29679.08 | I49: =$M$23 -> Events | J49: =$N$26 -> Autumn Disco
A50: 45973 | B50: DEP | C50: '80-02-22 | D50: 587003 | E50: CHEQUE DEPOSIT BOS EDINBURGH COM | G50: 143.95 | H50: 28102.45 | I50: =$M$22 -> Donations | K50: Stick-ins commission payment
A51: 45973 | B51: BGC | C51: '80-02-22 | D51: 587003 | E51: CARDNET CURRENCY CNET506399500 | G51: 128.2 | H51: 27958.5 | I51: =$M$23 -> Events | J51: =$N$26 -> Autumn Disco
A52: 45972 | B52: FPO | C52: '80-02-22 | D52: 587003 | E52: NATALIE MOFFATT 500000001662840644 DISCO TUCK 831924 10 11NOV25 19:28 | F52: 193.84 | H52: 27830.3 | I52: =$M$23 -> Events | J52: =$N$26 -> Autumn Disco
A53: 45972 | B53: FPO | C53: '80-02-22 | D53: 587003 | E53: NICHOLAS RAMAGE 200000001658727534 DISCO TUCK 800227 10 11NOV25 16:30 | F53: 21.19 | H53: 28024.14 | I53: =$M$23 -> Events | J53: =$N$26 -> Autumn Disco
A54: 45971 | B54: FPO | C54: '80-02-22 | D54: 587003 | E54: BLACKHALLPRIMARY 300000001665423617 PE EQUIPMENT 831847 10 10NOV25 11:18 | F54: 884.81 | H54: 28045.33 | I54: =$M$27 -> School | J54: =$N$35 -> Enrichment | K54: Spend from Energise & Exercise
A55: 45966 | B55: PAY | C55: '80-02-22 | D55: 587003 | E55: EDINBURGH COMELY | F55: 470 | H55: 28930.14 | I55: =$M$23 -> Events | J55: =$N$26 -> Autumn Disco
A56: 45966 | B56: BGC | C56: '80-02-22 | D56: 587003 | E56: CHARITABLE GIVING PAYROLL GIVING | G56: 70 | H56: 29400.14 | I56: =$M$22 -> Donations
A57: 45964 | B57: FPI | C57: '80-02-22 | D57: 587003 | E57: JUSTGIVING 4791379 BLACKHALL 275652374413013XCN 165050 40 03NOV25 14:47 | G57: 4.6 | H57: 29330.14 | I57: =$M$25 -> Just Giving
A58: 45957 | B58: DD | C58: '80-02-22 | D58: 587003 | E58: JUSTGIVING SUBS JG03192166 | F58: 18 | H58: 29325.54 | I58: =$M$26 -> Operations | J58: =$N$31 -> Fees
A59: 45943 | B59: FPI | C59: '80-02-22 | D59: 587003 | E59: JUSTGIVING 4767895 BLACKHALL 194008584413131XCN 165050 40 13OCT25 14:48 | G59: 165.07 | H59: 29343.54 | I59: =$M$25 -> Just Giving
A60: 45940 | B60: FPO | C60: '80-02-22 | D60: 587003 | E60: ELAINE GRIFFIN 600000001644040919 STAFFGIFT25 P4 804627 10 10OCT25 09:27 | F60: 24 | H60: 29178.47 | I60: =$N$37 -> Staff Gifts | K60: P4
A61: 45938 | B61: BGC | C61: '80-02-22 | D61: 587003 | E61: CARDNET CURRENCY CNET506399500 | G61: 73.68 | H61: 29202.47 | I61: =$M$23 -> Events | J61: =$N$25 -> Autumn Fair
A62: 45937 | B62: FPI | C62: '80-02-22 | D62: 587003 | E62: MACKENZIE&WATSON / BOOK SALES 33215808557770000R 832839 10 07OCT25 21:58 | G62: 5 | H62: 29128.79 | I62: =$M$23 -> Events | J62: =$N$25 -> Autumn Fair | K62: IOU from Autumn Fair book stall
A63: 45936 | B63: DEP | C63: '80-02-22 | D63: 587003 | E63: EDINBURGH COMELY | G63: 2711.86 | H63: 29123.79 | I63: =$M$23 -> Events | J63: =$N$25 -> Autumn Fair
A64: 45936 | B64: FPO | C64: '80-02-22 | D64: 587003 | E64: STEPHANIE MCGLINCH 500000001642096598 P2 STALL FAIR 401628 10 06OCT25 11:17 | F64: 25.08 | H64: 26411.93 | I64: =$M$23 -> Events | J64: =$N$25 -> Autumn Fair
A65: 45936 | B65: BGC | C65: '80-02-22 | D65: 587003 | E65: CHARITABLE GIVING PAYROLL GIVING | G65: 70 | H65: 26437.01 | I65: =$M$22 -> Donations
A66: 45933 | B66: FPI | C66: '80-02-22 | D66: 00587003 | E66: FRANCES ROSS FRANCES PV5BYEXB06TPK2K84H 040004 10 03OCT25 22:30 | G66: 28.65 | H66: 26367.01 | I66: =$M$23 -> Events | J66: =$N$23 -> BCSC Sports Day | K66: Tea stand cash kept back after sports day
A67: 45933 | B67: TFR | C67: '80-02-22 | D67: 00587003 | E67: BLACKHALL SCHOOL P 800222 10177569 | F67: 770 | H67: 26338.36 | I67: =$M$24 -> Football | K67: Subs reimbursed to Football account
A68: 45933 | B68: FPI | C68: '80-02-22 | D68: 00587003 | E68: J MAIN P2 FOOTBALL SUBS 200000001636880590 804627 10 03OCT25 20:04 | G68: 770 | H68: 27108.36 | I68: =$M$24 -> Football | K68: Subs accidentally transferred to PSA
A69: 45931 | B69: PAY | C69: '80-02-22 | D69: 00587003 | E69: EDINBURGH COMELY | F69: 696 | H69: 26338.36 | I69: =$M$23 -> Events | J69: =$N$25 -> Autumn Fair | K69: FLOAT
A70: 45925 | B70: DD | C70: '80-02-22 | D70: 00587003 | E70: JUSTGIVING SUBS JG03192166 | F70: 18 | H70: 27034.36 | I70: =$M$26 -> Operations | J70: =$N$31 -> Fees
A71: 45918 | B71: FPO | C71: '80-02-22 | D71: 00587003 | E71: SARAH MITCHELL 600000001631161892 OUTDOOR LEARNING 832320 10 18SEP25 14:42 | F71: 70.1 | H71: 27052.36 | I71: =$M$27 -> School | J71: =$N$32 -> Resources
A72: 45903 | B72: BGC | C72: '80-02-22 | D72: 587003 | E72: CHARITABLE GIVING PAYROLL GIVING | G72: 70 | H72: 27122.46 | I72: =$M$22 -> Donations
A73: 45897 | B73: FPO | C73: '80-02-22 | D73: 587003 | E73: KATE CHANDLER 500000001619213515 GARDENING EQPT 832003 10 28AUG25 10:10 | F73: 170.97 | H73: 27052.46 | I73: =$M$27 -> School | J73: =$N$32 -> Resources
A74: 45895 | B74: DD | C74: '80-02-22 | D74: 587003 | E74: JUSTGIVING SUBS JG03192166 | F74: 18 | H74: 27223.43 | I74: =$M$26 -> Operations | J74: =$N$31 -> Fees
A75: 45883 | B75: BGC | C75: '80-02-22 | D75: 587003 | E75: EASY FUNDRAISING 130940 QUARTER 2 2 | G75: 35.62 | H75: 27241.43 | I75: =$M$22 -> Donations
A76: 45874 | B76: BGC | C76: '80-02-22 | D76: 587003 | E76: CHARITABLE GIVING PAYROLL GIVING | G76: 70 | H76: 27205.81 | I76: =$M$22 -> Donations
A77: 45863 | B77: DD | C77: '80-02-22 | D77: 587003 | E77: JUSTGIVING SUBS JG03192166 | F77: 18 | H77: 27135.81 | I77: =$M$26 -> Operations | J77: =$N$31 -> Fees
A78: 45841 | B78: BGC | C78: '80-02-22 | D78: 587003 | E78: CHARITABLE GIVING PAYROLL GIVING | G78: 70 | H78: 27153.81 | I78: =$M$22 -> Donations
A79: 45838 | B79: FPI | C79: '80-02-22 | D79: 587003 | E79: JUSTGIVING 4559166 BLACKHALL 8970971384210400CN 165050 40 30JUN25 12:48 | G79: 289.02 | H79: 27083.81 | I79: =$M$25 -> Just Giving
A80: 45833 | B80: FPO | C80: '80-02-22 | D80: 587003 | E80: KIRSTY MILLER 600000001583072070 P7 STAFF GIFTS 801114 10 25JUN25 21:47 | F80: 36 | H80: 26794.79 | I80: =$N$37 -> Staff Gifts | K80: P7
A81: 45833 | B81: FPO | C81: '80-02-22 | D81: 587003 | E81: ERIN MASON 100000001573964083 P3 STAFF GIFT 608371 10 25JUN25 15:33 | F81: 199.46 | H81: 26830.79 | I81: =$N$37 -> Staff Gifts | K81: P3
A82: 45833 | B82: DD | C82: '80-02-22 | D82: 587003 | E82: JUSTGIVING SUBS JG03192166 | F82: 18 | H82: 27030.25 | I82: =$M$26 -> Operations | J82: =$N$31 -> Fees
A83: 45832 | B83: FPO | C83: '80-02-22 | D83: 587003 | E83: KATE CHANDLER 100000001573539457 WENDY STUART GIFT 832003 10 24JUN25 20:25 | F83: 196.33 | H83: 27048.25 | I83: =$N$37 -> Staff Gifts | K83: Wendy
A84: 45832 | B84: FPO | C84: '80-02-22 | D84: 587003 | E84: WENDY STUART 600000001582102015 P7 STAFF GOFTS 801248 10 24JUN25 10:18 | F84: 182.97 | H84: 27244.58 | I84: =$N$37 -> Staff Gifts | K84: P7
A85: 45832 | B85: FPO | C85: '80-02-22 | D85: 587003 | E85: LYNDSAY HEMSLEY 100000001573203458 STAFF P5 GIFTS 804657 10 24JUN25 10:11 | F85: 157.16 | H85: 27427.55 | I85: =$N$37 -> Staff Gifts | K85: P5
A86: 45832 | B86: DEP | C86: '80-02-22 | D86: 587003 | E86: EDINBURGH COMELY | G86: 11.9 | H86: 27584.71 | I86: =$M$23 -> Events | J86: =$N$24 -> P7 Parents Social
A87: 45832 | B87: DEP | C87: '80-02-22 | D87: 587003 | E87: EDINBURGH COMELY | G87: 28.65 | H87: 27572.81 | I87: =$M$23 -> Events | J87: =$N$23 -> BCSC Sports Day
A88: 45832 | B88: FPO | C88: '80-02-22 | D88: 587003 | E88: LAURA BRIGGS 400000001587132632 P2 STAFF GIFT 110917 10 24JUN25 07:41 | F88: 88 | H88: 27544.16 | I88: =$N$37 -> Staff Gifts | K88: P2
A89: 45831 | B89: FPO | C89: '80-02-22 | D89: 587003 | E89: KATE GRAHAM 400000001587050089 P2 STAFF GIFT 831824 10 23JUN25 22:22 | F89: 89.9 | H89: 27632.16 | I89: =$N$37 -> Staff Gifts | K89: P2
A90: 45831 | B90: FPI | C90: '80-02-22 | D90: 587003 | E90: JUSTGIVING 4552003 BLACKHALL 1091881284413303CN 165050 40 23JUN25 14:48 | G90: 119.91 | H90: 27722.06 | I90: =$M$25 -> Just Giving
A91: 45831 | B91: FPO | C91: '80-02-22 | D91: 587003 | E91: CONNECT 400000001586798946 BLACKHALL PRIMARY 089299 10 23JUN25 14:22 | F91: 160 | H91: 27602.15 | I91: =$M$26 -> Operations | J91: =$N$31 -> Fees | K91: Public Liability Insurance
A92: 45831 | B92: FPO | C92: '80-02-22 | D92: 587003 | E92: STEPHANIE MCGLINCH 100000001572408889 P1 STAFF GIFTS 401628 10 22JUN25 19:05 | F92: 296.26 | H92: 27762.15 | I92: =$N$37 -> Staff Gifts | K92: P1
A93: 45831 | B93: FPO | C93: '80-02-22 | D93: 587003 | E93: FRANCES ROSS 500000001581543866 WIDER STAFF GIFTS 160109 10 22JUN25 18:45 | F93: 661.85 | H93: 28058.41 | I93: =$N$37 -> Staff Gifts | K93: Wider Staff
A94: 45831 | B94: FPO | C94: '80-02-22 | D94: 587003 | E94: FRANCES ROSS 200000001577547029 HAIR SPRAY SUPPLY 160109 10 22JUN25 18:44 | F94: 89.63 | H94: 28720.26 | I94: =$M$23 -> Events | J94: =$N$32 -> Resources | K94: Hair spray supplies forgeneral future events
A95: 45831 | B95: FPO | C95: '80-02-22 | D95: 587003 | E95: FIONA DILL 600000001580772282 P6 TEACHER GIFTS 831910 10 21JUN25 14:14 | F95: 172 | H95: 28809.89 | I95: =$N$37 -> Staff Gifts | K95: P6
A96: 45826 | B96: FPI | C96: '80-02-22 | D96: 587003 | E96: BLACKHALL CHILDREN BCSC 25 SPECIAL AW 400000001584147530 800222 10 18JUN25 15:07 | G96: 7500 | H96: 28981.89 | I96: =$M$22 -> Donations | K96: BCSC Grant for playground improvements
A97: 45824 | B97: FPO | C97: '80-02-22 | D97: 587003 | E97: CAROL WALKER-LYON 200000001574331262 LIBRARY BOOKS 403608 10 16JUN25 17:34 | F97: 234.42 | H97: 21481.89 | I97: =$M$27 -> School | J97: =$N$32 -> Resources
A98: 45824 | B98: FPI | C98: '80-02-22 | D98: 587003 | E98: JUSTGIVING 4524505 BLACKHALL 0208517251516178CN 165050 40 16JUN25 15:15 | G98: 66.18 | H98: 21716.31 | I98: =$M$25 -> Just Giving
A99: 45821 | B99: DEP | C99: '80-02-22 | D99: 587003 | E99: EDINBURGH COMELY | G99: 395 | H99: 21650.13 | I99: =$M$23 -> Events | J99: =$N$23 -> BCSC Sports Day
A100: 45819 | B100: FPO | C100: '80-02-22 | D100: 587003 | E100: FELICITY CHISHOLM 500000001575555802 P4 STAFF GIFT 090134 10 11JUN25 16:02 | F100: 172.28 | H100: 21255.13 | I100: =$N$37 -> Staff Gifts | K100: P4
A101: 45819 | B101: FPO | C101: '80-02-22 | D101: 587003 | E101: FELICITY CHISHOLM 300000001578970271 P7 PARENT SOCIAL 090134 10 11JUN25 16:01 | F101: 100 | H101: 21427.41 | I101: =$M$23 -> Events | J101: =$N$24 -> P7 Parents Social
...

Sheet JustGiving
A1: Donation Date | B1: Donor FirstName | C1: Donor LastName | D1: Donor Address Line 1 | E1: Donor Postcode | F1: Donation Auth Amount | G1: Gift Aid Amount | H1: Appeal Name | J1: Appeal | K1: Total Donations
J2: P1 Staff Collection Summer 25 | K2: =SUMIF(H:H,$J$2,F:G) -> 160
A3: 15/05/2025 | B3: Anonymous | C3: Anonymous | D3: Anonymous | E3: Anonymous | F3: 20 | G3: 0 | H3: =$J$25 -> Energise and Exercise | J3: P2 Staff Collection Summer 25 | K3: =SUMIF(H:H,$J$3,F:G) -> 22
A4: 15/05/2025 | B4: Anonymous | C4: Anonymous | D4: Anonymous | E4: Anonymous | F4: 20 | G4: 0 | H4: =$J$25 -> Energise and Exercise | J4: P3 Staff Collection Summer 25 | K4: =SUMIF(H:H,$J$4,F:G) -> 35
A5: 15/05/2025 | B5: Anonymous | C5: Anonymous | D5: Anonymous | E5: Anonymous | F5: 20 | G5: 0 | H5: =$J$25 -> Energise and Exercise | J5: P4 Staff Collection Summer 25 | K5: =SUMIF(H:H,$J$5,F:G) -> 40
A6: 15/05/2025 | B6: Manna | C6: Sinclair | D6: 3, St. Serfâs Road Tullibody | E6: FK10 2RD | F6: 10 | G6: 0 | H6: =$J$25 -> Energise and Exercise | J6: P5 Staff Collection Summer 25 | K6: =SUMIF(H:H,$J$6,F:G) -> 0
A7: 16/05/2025 | B7: Rona | C7: Thomson | D7: 10 Hamilton's Folly Mews | E7: EH8 9AW | F7: 10 | G7: 0 | H7: =$J$25 -> Energise and Exercise | J7: P6 Staff Collection Summer 25 | K7: =SUMIF(H:H,$J$7,F:G) -> 100
A8: 16/05/2025 | B8: Anonymous | C8: Anonymous | D8: Anonymous | E8: Anonymous | F8: 10 | G8: 0 | H8: =$J$25 -> Energise and Exercise | J8: P7 Staff Collection Summer 25 | K8: =SUMIF(H:H,$J$8,F:G) -> 74
A9: 16/05/2025 | B9: Anonymous | C9: Anonymous | D9: Anonymous | E9: Anonymous | F9: 10 | G9: 0 | H9: =$J$25 -> Energise and Exercise
A10: 16/05/2025 | B10: Anonymous | C10: Anonymous | D10: Anonymous | E10: Anonymous | F10: 10 | G10: 0 | H10: =$J$25 -> Energise and Exercise | J10: (Staff Gifts 2024-25 TOTAL) | K10: =SUM(K2:K8) -> 431
A11: 16/05/2025 | B11: Anonymous | C11: Anonymous | D11: Anonymous | E11: Anonymous | F11: 10 | G11: 0 | H11: =$J$25 -> Energise and Exercise
A12: 16/05/2025 | B12: Anonymous | C12: Anonymous | D12: Anonymous | E12: Anonymous | F12: 10 | G12: 0 | H12: =$J$25 -> Energise and Exercise | J12: P1 Staff Collection // Xmas 2025 | K12: =SUMIF(H:H,$J$12,F:G) -> 506
A13: 16/05/2025 | B13: Anonymous | C13: Anonymous | D13: Anonymous | E13: Anonymous | F13: 10 | G13: 0 | H13: =$J$25 -> Energise and Exercise | J13: P2 Staff Collection // Xmas 2025 | K13: =SUMIF(H:H,$J$13,F:G) -> 544
A14: 16/05/2025 | B14: Anonymous | C14: Anonymous | D14: Anonymous | E14: Anonymous | F14: 15 | G14: 0 | H14: =$J$25 -> Energise and Exercise | J14: P3 Staff Collection // Xmas 2025 | K14: =SUMIF(H:H,$J$14,F:G) -> 544.82
A15: 16/05/2025 | B15: Anonymous | C15: Anonymous | D15: Anonymous | E15: Anonymous | F15: 15 | G15: 0 | H15: =$J$25 -> Energise and Exercise | J15: P4 Staff Collection // Xmas 2025 | K15: =SUMIF(H:H,$J$15,F:G) -> 557
A16: 16/05/2025 | B16: Anonymous | C16: Anonymous | D16: Anonymous | E16: Anonymous | F16: 10 | G16: 0 | H16: =$J$25 -> Energise and Exercise | J16: P5 Staff Collection // Xmas 2025 | K16: =SUMIF(H:H,$J$16,F:G) -> 492
A17: 16/05/2025 | B17: Anonymous | C17: Anonymous | D17: Anonymous | E17: Anonymous | F17: 10 | G17: 0 | H17: =$J$25 -> Energise and Exercise | J17: P6 Staff Collection // Xmas 2025 | K17: =SUMIF(H:H,$J$17,F:G) -> 543
A18: 16/05/2025 | B18: Anonymous | C18: Anonymous | D18: Anonymous | E18: Anonymous | F18: 20 | G18: 0 | H18: =$J$25 -> Energise and Exercise | J18: P7 Staff Collection // Xmas 2025 | K18: =SUMIF(H:H,$J$18,F:G) -> 394
A19: 16/05/2025 | B19: Anonymous | C19: Anonymous | D19: Anonymous | E19: Anonymous | F19: 10 | G19: 0 | H19: =$J$25 -> Energise and Exercise
A20: 17/05/2025 | B20: Anonymous | C20: Anonymous | D20: Anonymous | E20: Anonymous | F20: 5 | G20: 0 | H20: =$J$25 -> Energise and Exercise | J20: Staff Gifts XMAS TOTAL | K20: =SUM(K12:K18) -> 3580.82
A21: 18/05/2025 | B21: Anonymous | C21: Anonymous | D21: Anonymous | E21: Anonymous | F21: 10 | G21: 0 | H21: =$J$25 -> Energise and Exercise
A22: 19/05/2025 | B22: Anonymous | C22: Anonymous | D22: Anonymous | E22: Anonymous | F22: 20 | G22: 0 | H22: =$J$25 -> Energise and Exercise
A23: 19/05/2025 | B23: Anonymous | C23: Anonymous | D23: Anonymous | E23: Anonymous | F23: 30 | G23: 0 | H23: =$J$25 -> Energise and Exercise | J23: Blackhall Christmas Lights Switch On!! | K23: =SUMIF(H:H,$J$23,F:G) -> 492
A24: 19/05/2025 | B24: Anonymous | C24: Anonymous | D24: Anonymous | E24: Anonymous | F24: 10 | G24: 0 | H24: =$J$25 -> Energise and Exercise
A25: 19/05/2025 | B25: Anonymous | C25: Anonymous | D25: Anonymous | E25: Anonymous | F25: 10 | G25: 0 | H25: =$J$25 -> Energise and Exercise | J25: Energise and Exercise | K25: =SUMIF(H:H,$J$25,F:G) -> 1535
A26: 19/05/2025 | B26: Jennifer | C26: Young | D26: 3 Cottage Park | E26: EH4 3QL | F26: 20 | G26: 0 | H26: =$J$25 -> Energise and Exercise
A27: 19/05/2025 | B27: Jennifer | C27: Young | D27: 3 Cottage Park | E27: EH4 3QL | F27: 10 | G27: 0 | H27: =$J$25 -> Energise and Exercise | J27: Wendy Gift | K27: =SUMIF(H:H,$J$27,F:G) -> 177
A28: 19/05/2025 | B28: Anonymous | C28: Anonymous | D28: Anonymous | E28: Anonymous | F28: 10 | G28: 0 | H28: =$J$25 -> Energise and Exercise
A29: 19/05/2025 | B29: Anonymous | C29: Anonymous | D29: Anonymous | E29: Anonymous | F29: 10 | G29: 0 | H29: =$J$25 -> Energise and Exercise | J29: P7 Parents Social | K29: =SUMIF(H:H,$J$29,F:G) -> 50
A30: 19/05/2025 | B30: Anonymous | C30: Anonymous | D30: Anonymous | E30: Anonymous | F30: 10 | G30: 0 | H30: =$J$25 -> Energise and Exercise
A31: 19/05/2025 | B31: Anonymous | C31: Anonymous | D31: Anonymous | E31: Anonymous | F31: 10 | G31: 0 | H31: =$J$25 -> Energise and Exercise | J31: ='Bank Transactions'!$N$25 -> Autumn Fair | K31: =SUMIF(H:H,$J$31,F:G) -> 177.2
A32: 19/05/2025 | B32: Anonymous | C32: Anonymous | D32: Anonymous | E32: Anonymous | F32: 50 | G32: 0 | H32: =$J$25 -> Energise and Exercise
A33: 19/05/2025 | B33: Anonymous | C33: Anonymous | D33: Anonymous | E33: Anonymous | F33: 20 | G33: 0 | H33: =$J$25 -> Energise and Exercise | J33: P7 Show Tuck Shop | K33: =SUMIF(H:H,$J$33,F:G) -> 16
A34: 19/05/2025 | B34: Anonymous | C34: Anonymous | D34: Anonymous | E34: Anonymous | F34: 10 | G34: 0 | H34: =$J$25 -> Energise and Exercise
A35: 20/05/2025 | B35: Anonymous | C35: Anonymous | D35: Anonymous | E35: Anonymous | F35: 5 | G35: 0 | H35: =$J$25 -> Energise and Exercise | J35: Wear Your Flair | K35: =SUMIF(H:H, $J$35, F:G) -> 332
A36: 20/05/2025 | B36: Anonymous | C36: Anonymous | D36: Anonymous | E36: Anonymous | F36: 5 | G36: 0 | H36: =$J$25 -> Energise and Exercise
A37: 20/05/2025 | B37: Anonymous | C37: Anonymous | D37: Anonymous | E37: Anonymous | F37: 10 | G37: 0 | H37: =$J$25 -> Energise and Exercise
A38: 20/05/2025 | B38: Anonymous | C38: Anonymous | D38: Anonymous | E38: Anonymous | F38: 5 | G38: 0 | H38: =$J$25 -> Energise and Exercise | J38: Just Giving Donations Total | K38: =SUM(F:F)+SUM(G:G) -> 6872.52
A39: 20/05/2025 | B39: Anonymous | C39: Anonymous | D39: Anonymous | E39: Anonymous | F39: 15 | G39: 0 | H39: =$J$25 -> Energise and Exercise | J39: Just Giving Payout Total | K39: =SUMIF('Bank Transactions'!I:I,'Bank Transactions'!$M$25,'Bank Transactions'!G:G) -> 6507.38
A40: 20/05/2025 | B40: Anonymous | C40: Anonymous | D40: Anonymous | E40: Anonymous | F40: 25 | G40: 0 | H40: =$J$25 -> Energise and Exercise
A41: 20/05/2025 | B41: Anonymous | C41: Anonymous | D41: Anonymous | E41: Anonymous | F41: 10 | G41: 0 | H41: =$J$25 -> Energise and Exercise | J41: Just Giving Fees Total | K41: =K38-K39 -> 365.14
A42: 20/05/2025 | B42: Anonymous | C42: Anonymous | D42: Anonymous | E42: Anonymous | F42: 10 | G42: 0 | H42: =$J$25 -> Energise and Exercise
A43: 20/05/2025 | B43: Anonymous | C43: Anonymous | D43: Anonymous | E43: Anonymous | F43: 20 | G43: 0 | H43: =$J$25 -> Energise and Exercise
A44: 20/05/2025 | B44: Anonymous | C44: Anonymous | D44: Anonymous | E44: Anonymous | F44: 25 | G44: 0 | H44: =$J$25 -> Energise and Exercise
A45: 20/05/2025 | B45: Anonymous | C45: Anonymous | D45: Anonymous | E45: Anonymous | F45: 5 | G45: 0 | H45: =$J$25 -> Energise and Exercise
A46: 20/05/2025 | B46: Anonymous | C46: Anonymous | D46: Anonymous | E46: Anonymous | F46: 15 | G46: 0 | H46: =$J$25 -> Energise and Exercise
A47: 20/05/2025 | B47: Anonymous | C47: Anonymous | D47: Anonymous | E47: Anonymous | F47: 15 | G47: 0 | H47: =$J$25 -> Energise and Exercise
A48: 20/05/2025 | B48: Anonymous | C48: Anonymous | D48: Anonymous | E48: Anonymous | F48: 20 | G48: 0 | H48: =$J$25 -> Energise and Exercise
A49: 20/05/2025 | B49: Anonymous | C49: Anonymous | D49: Anonymous | E49: Anonymous | F49: 30 | G49: 0 | H49: =$J$25 -> Energise and Exercise
A50: 20/05/2025 | B50: Anonymous | C50: Anonymous | D50: Anonymous | E50: Anonymous | F50: 20 | G50: 0 | H50: =$J$25 -> Energise and Exercise
A51: 20/05/2025 | B51: Anonymous | C51: Anonymous | D51: Anonymous | E51: Anonymous | F51: 20 | G51: 0 | H51: =$J$25 -> Energise and Exercise
A52: 20/05/2025 | B52: Anonymous | C52: Anonymous | D52: Anonymous | E52: Anonymous | F52: 20 | G52: 0 | H52: =$J$25 -> Energise and Exercise
A53: 20/05/2025 | B53: Anonymous | C53: Anonymous | D53: Anonymous | E53: Anonymous | F53: 20 | G53: 0 | H53: =$J$25 -> Energise and Exercise
... A98: 25/05/2025 | B98: Anonymous | C98: Anonymous | D98: Anonymous | E98: Anonymous | F98: 30 | G98: 0 | H98: =$J$25 -> Energise and Exercise
A99: 26/05/2025 | B99: Anonymous | C99: Anonymous | D99: Anonymous | E99: Anonymous | F99: 15 | G99: 0 | H99: =$J$4 -> P3 Staff Collection Summer 25
A100: 26/05/2025 | B100: Anonymous | C100: Anonymous | D100: Anonymous | E100: Anonymous | F100: 10 | G100: 0 | H100: =$J$5 -> P4 Staff Collection Summer 25
A101: 26/05/2025 | B101: Anonymous | C101: Anonymous | D101: Anonymous | E101: Anonymous | F101: 20 | G101: 0 | H101: =$J$8 -> P7 Staff Collection Summer 25
A102: 27/05/2025 | B102: Anonymous | C102: Anonymous | D102: Anonymous | E102: Anonymous | F102: 15 | G102: 0 | H102: =$J$5 -> P4 Staff Collection Summer 25
A103: 27/05/2025 | B103: Anonymous | C103: Anonymous | D103: Anonymous | E103: Anonymous | F103: 30 | G103: 0 | H103: =$J$7 -> P6 Staff Collection Summer 25
A104: 27/05/2025 | B104: Anonymous | C104: Anonymous | D104: Anonymous | E104: Anonymous | F104: 10 | G104: 0 | H104: =$J$7 -> P6 Staff Collection Summer 25
A105: 27/05/2025 | B105: Anonymous | C105: Anonymous | D105: Anonymous | E105: Anonymous | F105: 10 | G105: 0 | H105: =$J$7 -> P6 Staff Collection Summer 25
A106: 27/05/2025 | B106: Anonymous | C106: Anonymous | D106: Anonymous | E106: Anonymous | F106: 15 | G106: 0 | H106: =$J$8 -> P7 Staff Collection Summer 25
A107: 28/05/2025 | B107: Anonymous | C107: Anonymous | D107: Anonymous | E107: Anonymous | F107: 12 | G107: 0 | H107: =$J$3 -> P2 Staff Collection Summer 25
A108: 28/05/2025 | B108: Anonymous | C108: Anonymous | D108: Anonymous | E108: Anonymous | F108: 10 | G108: 0 | H108: =$J$3 -> P2 Staff Collection Summer 25
A109: 45810 | B109: Anonymous | C109: Anonymous | D109: Anonymous | E109: Anonymous | F109: 15 | G109: 0 | H109: =$J$5 -> P4 Staff Collection Summer 25
A110: 45811 | B110: Anonymous | C110: Anonymous | D110: Anonymous | E110: Anonymous | F110: 10 | G110: 0 | H110: =$J$4 -> P3 Staff Collection Summer 25
A111: 45811 | B111: Anonymous | C111: Anonymous | D111: Anonymous | E111: Anonymous | F111: 10 | G111: 0 | H111: =$J$7 -> P6 Staff Collection Summer 25
A112: 45811 | B112: Anonymous | C112: Anonymous | D112: Anonymous | E112: Anonymous | F112: 10 | G112: 0 | H112: =$J$4 -> P3 Staff Collection Summer 25
A113: 45811 | B113: Anonymous | C113: Anonymous | D113: Anonymous | E113: Anonymous | F113: 15 | G113: 0 | H113: =$J$8 -> P7 Staff Collection Summer 25
A114: 45812 | B114: Anonymous | C114: Anonymous | D114: Anonymous | E114: Anonymous | F114: 24 | G114: 0 | H114: =$J$8 -> P7 Staff Collection Summer 25
A115: 45824 | B115: Anonymous | C115: Anonymous | D115: Anonymous | E115: Anonymous | F115: 20 | G115: 0 | H115: =$J$2 -> P1 Staff Collection Summer 25
A116: 45824 | B116: Anonymous | C116: Anonymous | D116: Anonymous | E116: Anonymous | F116: 10 | G116: 0 | H116: =$J$2 -> P1 Staff Collection Summer 25
A117: 45824 | B117: Anonymous | C117: Anonymous | D117: Anonymous | E117: Anonymous | F117: 15 | G117: 0 | H117: =$J$2 -> P1 Staff Collection Summer 25
A118: 45824 | B118: Anonymous | C118: Anonymous | D118: Anonymous | E118: Anonymous | F118: 10 | G118: 0 | H118: =$J$7 -> P6 Staff Collection Summer 25
A119: 45824 | B119: Anonymous | C119: Anonymous | D119: Anonymous | E119: Anonymous | F119: 20 | G119: 0 | H119: =$J$2 -> P1 Staff Collection Summer 25
A120: 45824 | B120: Anonymous | C120: Anonymous | D120: Anonymous | E120: Anonymous | F120: 10 | G120: 0 | H120: =$J$7 -> P6 Staff Collection Summer 25
A121: 45824 | B121: Anonymous | C121: Anonymous | D121: Anonymous | E121: Anonymous | F121: 10 | G121: 0 | H121: =$J$7 -> P6 Staff Collection Summer 25
A122: 45824 | B122: Anonymous | C122: Anonymous | D122: Anonymous | E122: Anonymous | F122: 15 | G122: 0 | H122: =$J$2 -> P1 Staff Collection Summer 25
A123: 45824 | B123: Anonymous | C123: Anonymous | D123: Anonymous | E123: Anonymous | F123: 15 | G123: 0 | H123: =$J$2 -> P1 Staff Collection Summer 25
A124: 45825 | B124: Anonymous | C124: Anonymous | D124: Anonymous | E124: Anonymous | F124: 20 | G124: 0 | H124: =$J$2 -> P1 Staff Collection Summer 25
A125: 45825 | B125: Anonymous | C125: Anonymous | D125: Anonymous | E125: Anonymous | F125: 15 | G125: 0 | H125: =$J$2 -> P1 Staff Collection Summer 25
A126: 45825 | B126: Anonymous | C126: Anonymous | D126: Anonymous | E126: Anonymous | F126: 15 | G126: 0 | H126: =$J$2 -> P1 Staff Collection Summer 25
A127: 45825 | B127: Anonymous | C127: Anonymous | D127: Anonymous | E127: Anonymous | F127: 10 | G127: 0 | H127: =$J$27 -> Wendy Gift
A128: 45825 | B128: Anonymous | C128: Anonymous | D128: Anonymous | E128: Anonymous | F128: 10 | G128: 0 | H128: =$J$27 -> Wendy Gift
A129: 45825 | B129: Anonymous | C129: Anonymous | D129: Anonymous | E129: Anonymous | F129: 15 | G129: 0 | H129: =$J$27 -> Wendy Gift
A130: 45825 | B130: Anonymous | C130: Anonymous | D130: Anonymous | E130: Anonymous | F130: 10 | G130: 0 | H130: =$J$27 -> Wendy Gift
A131: 45825 | B131: Anonymous | C131: Anonymous | D131: Anonymous | E131: Anonymous | F131: 10 | G131: 0 | H131: =$J$27 -> Wendy Gift
A132: 45825 | B132: Anonymous | C132: Anonymous | D132: Anonymous | E132: Anonymous | F132: 5 | G132: 0 | H132: =$J$27 -> Wendy Gift
A133: 45825 | B133: Anonymous | C133: Anonymous | D133: Anonymous | E133: Anonymous | F133: 10 | G133: 0 | H133: =$J$27 -> Wendy Gift
A134: 45825 | B134: Anonymous | C134: Anonymous | D134: Anonymous | E134: Anonymous | F134: 10 | G134: 0 | H134: =$J$27 -> Wendy Gift
A135: 45825 | B135: Anonymous | C135: Anonymous | D135: Anonymous | E135: Anonymous | F135: 10 | G135: 0 | H135: =$J$27 -> Wendy Gift
A136: 45825 | B136: Anonymous | C136: Anonymous | D136: Anonymous | E136: Anonymous | F136: 15 | G136: 0 | H136: =$J$27 -> Wendy Gift
A137: 45825 | B137: Anonymous | C137: Anonymous | D137: Anonymous | E137: Anonymous | F137: 15 | G137: 0 | H137: =$J$27 -> Wendy Gift
A138: 45825 | B138: Anonymous | C138: Anonymous | D138: Anonymous | E138: Anonymous | F138: 10 | G138: 0 | H138: =$J$27 -> Wendy Gift
... A140: 45825 | B140: Anonymous | C140: Anonymous | D140: Anonymous | E140: Anonymous | F140: 10 | G140: 0 | H140: =$J$27 -> Wendy Gift
A141: 45826 | B141: Anonymous | C141: Anonymous | D141: Anonymous | E141: Anonymous | F141: 15 | G141: 0 | H141: =$J$2 -> P1 Staff Collection Summer 25
A142: 45826 | B142: Anonymous | C142: Anonymous | D142: Anonymous | E142: Anonymous | F142: 10 | G142: 0 | H142: =$J$7 -> P6 Staff Collection Summer 25
A143: 45826 | B143: Anonymous | C143: Anonymous | D143: Anonymous | E143: Anonymous | F143: 2 | G143: 0 | H143: =$J$27 -> Wendy Gift
A144: 45826 | B144: Anonymous | C144: Anonymous | D144: Anonymous | E144: Anonymous | F144: 10 | G144: 0 | H144: =$J$27 -> Wendy Gift
A145: 45826 | B145: Anonymous | C145: Anonymous | D145: Anonymous | E145: Anonymous | F145: 10 | G145: 0 | H145: =$J$27 -> Wendy Gift
...

Sheet Teacher Gifts
B1: Raised | C1: Spent | D1: Remaining
A2: P7T | B2: 240
A3: P7C | B3: 245 | G3: Ann Crawford | H3: ='Bank Transactions'!#REF! -> #REF! | J3: P6?
A4: P7P | B4: 265 | G4: Erin mason | H4: ='Bank Transactions'!#REF! -> #REF! | J4: P1
A5: P6B | B5: 295 | G5: Felicity | H5: ='Bank Transactions'!#REF! -> #REF! | J5: P2
A6: P6O | B6: 225 | G6: Jane | H6: ='Bank Transactions'!#REF! -> #REF! | J6: P7?
A7: P5Mc | B7: 245 | G7: Frances | H7: ='Bank Transactions'!#REF! -> #REF! | J7: P4
A8: P5P | B8: 312 | G8: Wendy | H8: ='Bank Transactions'!#REF!+'Bank Transactions'!#REF! -> #REF! | J8: P5
A9: P5C | B9: 290 | H9: =SUM(H3:H8) -> #REF!
A10: P4M | B10: 305
A11: P4B | B11: 267
A12: P2J | B12: 315 | G12: P3 Funded via cash
A13: P2P | B13: 247
A14: P1B | B14: 270
A15: P1L | B15: 270 | G15: Net Remaining | H15: =B16-H9 -> #REF!
B16: =SUM(B2:B15) -> 3791
